 Dungeon Crawl Stone Soup version 0.17-a0-1887-g3e50df6 (webtiles) character file.

326 dpvblackbelt the Slicer (level 6, -2/39 HPs)
             Began as a Halfling Assassin on Sept 23, 2015.
             Slain by a killer bee (8 damage)
             ... on level 4 of the Dungeon.
             The game lasted 00:05:44 (1844 turns).

dpvblackbelt the Slicer (Halfling Assassin)         Turns: 1844, Time: 00:05:44

Health: -2/39      AC:  3    Str: 11    XL:     6   Next: 78%
Magic:  15/15      EV: 14    Int: 10    God:
Gold:   96         SH:  0    Dex: 18    Spells: 0 memorised, 5 levels left

rFire  . . .     SeeInvis .     b - +0 blowgun
rCold  + . .     Clarity  .     c - +0 robe
rNeg   . . .     SustAt   .     (shield restricted)
rPois  .         Gourm    .     (no helmet)
rElec  .         Spirit   .     d - +0 cloak
rCorr  .         Warding  .     (no gloves)
rMut   +         Stasis   .     (no boots)
MR     .....                    j - amulet of resist mutation {rMut, !d}
Stlth  +++.......               o - ring of protection from cold {rC+, !d}
                                r - ring of magical power {MP+9}

@: lethally poisoned (-2 -> -9), not resistant to hostile enchantments, fairly
stealthy
A: mutation resistance 1
a: no special abilities


You were on level 4 of the Dungeon.
You were hungry.

You visited 1 branch of the dungeon, and saw 4 of its levels.

You collected 96 gold pieces.

Inventory:

Hand weapons
 a - a +2 dagger
 b - a +0 blowgun (weapon)
Missiles
 e - 52 poisoned needles (quivered)
Armour
 c - a +0 robe (worn)
 d - a +0 cloak (worn)
Jewellery
 j - an amulet of resist mutation (around neck) {rMut, !d}
   (You found it on level 1 of the Dungeon)
 o - a ring of protection from cold (right hand) {rC+, !d}
   (You found it on level 2 of the Dungeon)
 r - a ring of magical power (left hand) {MP+9}
   (You found it on level 4 of the Dungeon)
Scrolls
 h - 2 scrolls of identify
 i - 3 scrolls of remove curse
 q - 2 scrolls of fear {unknown}
Potions
 k - a potion of might {unknown}
 n - a potion of flight {unknown}
 p - a potion of cancellation {unknown}
 s - a potion of brilliance {unknown}
Comestibles
 g - 3 bread rations {@e1@e1}
 l - a meat ration {@e2@e2}
 m - 2 beef jerkies


   Skills:
 - Level 1.7 Fighting
 + Level 8.8 Short Blades
 - Level 2.6 Throwing
 - Level 1.1 Dodging
 - Level 4.3 Stealth


You had 5 spell levels left.
You didn't know any spells.

Dungeon Overview and Level Annotations

Branches:
Dungeon (4/15)
 Temple: D:4-7

Altars:
Kikubaaqudgha

Annotations:
D:3 Grinder


Innate Abilities, Weirdness & Mutations

You are small and have problems with some larger weapons.
You are somewhat resistant to further mutation.


Message History

The helpless ooze fails to defend itself.
The curare-tipped needle hits the ooze in a vulnerable spot.
Aim: an ooze You shoot a poisoned needle.
The poisoned needle hits the ooze!
The ooze barely misses you.
a - a +2 dagger (weapon)
You hit the ooze. The ooze hits you but does no damage.
You hit the ooze. You hit the ooze.
You kill the ooze!
No target in view!
e - 60 poisoned needles (gained 1)
f - a curare-tipped needle You are feeling hungry.
MP restored: 15
There is a stone staircase leading down here.
A worker ant comes into view.
A worker ant is nearby!
A worker ant is nearby!
You see here a scroll labeled QYESOVO YPPA.
The helpless worker ant fails to defend itself.
You perforate the worker ant like a sieve!!!
You kill the worker ant!
No target in view!
i - 3 scrolls labeled QYESOVO YPPA (gained 1) 2 killer bees come into view.
There are monsters nearby!
The killer bee buzzes angrily.
The killer bee moves out of view.
b - a +0 blowgun (weapon)
Aim: a killer bee You shoot a curare-tipped needle.
The curare-tipped needle hits the killer bee.
The killer bee is poisoned.
The killer bee convulses.
The killer bee seems to slow down.
The killer bee closely misses you.
Aim: a killer bee (heavily wounded, slow, poisoned)
You shoot a poisoned needle.
The poisoned needle barely misses the killer bee.
The killer bee closely misses you.
Aim: a killer bee (heavily wounded, slow, poisoned)
You shoot a poisoned needle.
The poisoned needle hits the killer bee!
The killer bee looks even sicker.
The killer bee misses you.
Aim: a killer bee (heavily wounded, slow, poisoned)
You shoot a poisoned needle.
The poisoned needle barely misses the killer bee.
The killer bee stings you.
You take 5 damage, and have 34/39 hp.
Aim: a killer bee (almost dead, slow, poisoned)
You shoot a poisoned needle.
The poisoned needle closely misses the killer bee.
You kill the killer bee!
Okay, then.
e - 57 poisoned needles (gained 1);
f - a curare-tipped needle A killer bee comes into view.
Aim: a killer bee You shoot a curare-tipped needle.
The curare-tipped needle closely misses the killer bee.
The killer bee stings you!
You take 7 damage, and have 27/39 hp.
Aim: a killer bee You shoot a poisoned needle.
The poisoned needle hits the killer bee!
The killer bee is poisoned.
The killer bee stings you but does no damage.
The killer bee stings you.
You take 6 damage, and have 21/39 hp.
Aim: a killer bee (lightly wounded, poisoned)
You shoot a poisoned needle.
The poisoned needle misses the killer bee.
The killer bee closely misses you. The killer bee stings you.
You take 6 damage, and have 15/39 hp.
Aim: a killer bee (moderately wounded, poisoned)
You shoot a poisoned needle.
The poisoned needle hits the killer bee!
The killer bee looks even sicker.
The killer bee stings you but does no damage.
Aim: a killer bee (heavily wounded, poisoned)
You shoot a poisoned needle.
The poisoned needle hits the killer bee!
The killer bee stings you.
You are poisoned.
The killer bee poisons you! The killer bee barely misses you.
You take 3 damage, and have 13/39 hp.
Aim: a killer bee (heavily wounded, poisoned)
You shoot a poisoned needle.
The poisoned needle hits the killer bee!
You feel sick. The killer bee stings you.
* * * LOW HITPOINT WARNING * * *
The killer bee stings you but does no damage.
You take 6 damage, and have 7/39 hp.
Unknown command.
Read which item? (? for menu, Esc to quit)
As you read the scroll labeled OTUTIG CEIRO, it crumbles to dust.
It is a scroll of identify.
Identify which item? (\ to view known items) (? for menu, Esc to quit)
i - 3 scrolls of remove curse
* * * LOW HITPOINT WARNING * * *
You feel sick. The killer bee closely misses you. The killer bee stings you!
You die...

#...........#.....##
##.........#.##....#
###.........###...##
##.......## ##...##
####...## ##...##
##.## ##...# ..#
##..# ##...
.....###..## ##..
.......@y(# ##.
........#(## ##
........#..# #
...[....#..#
........##.# #
...(....##.. #
........###.# ##
........# !y #. ...
#.


You could see a killer bee.

Vanquished Creatures
  Sigmund (D:4)
  A killer bee (D:4)
  A giant frog skeleton (D:4)
  A worker ant (D:4)
  2 adders
  4 oozes
  2 goblins
  5 hobgoblins
  A quokka (D:2)
  6 bats
  A giant newt (D:1)
  3 kobolds
  3 rats
31 creatures vanquished.

Notes
Turn   | Place    | Note
--------------------------------------------------------------
     0 | D:1      | dpvblackbelt the Halfling Assassin began the quest for the Orb.
     0 | D:1      | Reached XP level 1. HP: 14/14 MP: 1/1
    84 | D:1      | Reached skill level 3 in Short Blades
   269 | D:1      | Reached XP level 2. HP: 16/19 MP: 2/2
   276 | D:1      | Reached skill level 4 in Short Blades
   458 | D:1      | Reached XP level 3. HP: 24/24 MP: 3/3
   701 | D:2      | Found an ancient bone altar of Kikubaaqudgha.
   867 | D:2      | HP: 6/24 [adder (5)]
   869 | D:2      | Reached skill level 5 in Short Blades
  1304 | D:3      | Noticed Grinder
  1332 | D:4      | Reached XP level 4. HP: 15/29 MP: 4/4
  1463 | D:4      | Reached skill level 6 in Short Blades
  1633 | D:4      | Noticed Sigmund
  1651 | D:4      | Killed Sigmund
  1651 | D:4      | Reached skill level 8 in Short Blades
  1651 | D:4      | Reached XP level 5. HP: 34/34 MP: 5/5
  1651 | D:4      | Reached XP level 6. HP: 39/39 MP: 6/6
  1822 | D:4      | Noticed a killer bee
  1822 | D:4      | Noticed a killer bee
  1833 | D:4      | Killed a killer bee
  1836 | D:4      | Noticed a killer bee
  1843 | D:4      | HP: 7/39 [killer bee (5)]
  1844 | D:4      | Slain by a killer bee

Vault maps used:
D:1:      mrwooster_arrival_statue_2
D:2:      nicolae_overflow_hidden_temple, first_bread
D:3:      nicolae_qazlal_general_emergency, uniq_grinder
D:4:      kennysheep_mini, lemuel_coloured_pillars_altar, serial_shops,
          shop_coins, uniq_sigmund

Action                   |  1- 3 |  4- 6 || total
-------------------------+-------+-------++-------
Melee: Dagger            |    63 |     6 ||    69
 Fire: Blowgun           |     9 |    23 ||    32
  Use: Potion            |     1 |       ||     1
       Scroll            |       |     1 ||     1
 Stab: Sleeping          |    14 |     3 ||    17
  Eat: Chunk             |       |     2 ||     2

Vault maps used:
D:1:      mrwooster_arrival_statue_2
D:2:      nicolae_overflow_hidden_temple, first_bread
D:3:      nicolae_qazlal_general_emergency, uniq_grinder
D:4:      kennysheep_mini, lemuel_coloured_pillars_altar, serial_shops,
          shop_coins, uniq_sigmund

Table legend:
 A = Turns spent in this place as a percentage of turns spent in the entire game.
 B = Non-inter-level travel turns spent in this place as a percentage of non-inter-level travel turns spent in the entire game.
 C = Inter-level travel turns spent in this place as a percentage of turns spent in this place.
 D = Turns resting spent in this place as a percentage of non-inter-level travel turns spent in this place.
 E = Turns spent auto-exploring this place as a percentage of non-inter-level travel turns spent in this place.
 F = Non-inter-level travel turns spent in this place divided by the number of levels of this place that you've seen.
                   A       B       C       D       E      F
               +-------+-------+-------+-------+-------+----------------------
         Total | 100.0 | 100.0 |   0.4 |   1.7 |  11.8 | 119.0
       Dungeon | 100.0 | 100.0 |   0.4 |   1.7 |  11.8 | 119.0
               +-------+-------+-------+-------+-------+----------------------

Table legend:
 A = Kills in this place as a percentage of kills in entire the game.
 B = Kills by you in this place as a percentage of kills by you in the entire game.
 C = Kills by friends in this place as a percentage of kills by friends in the entire game.
 D = Other kills in this place as a percentage of other kills in the entire game.
 E = Experience gained in this place as a percentage of experience gained in the entire game.
 F = Experience gained in this place divided by the number of levels of this place that you have seen.
                   A       B       C       D       E      F
               +-------+-------+-------+-------+-------+----------------------
         Total | 100.0 | 100.0 |  -nan |  -nan | 100.0 | 116.5
       Dungeon | 100.0 | 100.0 |  -nan |  -nan | 100.0 | 116.5
               +-------+-------+-------+-------+-------+----------------------
